 Dungeon Crawl Stone Soup version 0.24-a0-582-g4d4af813a0 (webtiles) character file.

Game seed: 6523997652613255559

3654 MordorOrchid the Sneak (level 10, 0/63 HPs)
             Began as an Octopode Enchanter on Aug 26, 2019.
             Was an Initiate of Gozag.
             Killed from afar by an orc wizard (9 damage)
             ... with a puff of frost
             ... on level 8 of the Dungeon on Aug 27, 2019.
             The game lasted 00:47:45 (6070 turns).

MordorOrchid the Sneak (Octopode Enchanter)         Turns: 6070, Time: 00:47:46

Health: 0/63       AC:  4    Str: 14    XL:     10   Next: 12%
Magic:  17/28      EV: 15    Int: 21    God:    Gozag
Gold:   303        SH:  6    Dex: 12    Spells: 5/21 levels left

rFire    . . .     SeeInvis .   a - +0 short sword (freeze)
rCold    . . .     Gourm    .   (no shield)
rNeg     . . .     Faith    .   (helmet restricted)
rPois    .         Spirit   .   A - +6 amulet of reflection
rElec    .         Reflect  +   p - ring of magical power
rCorr    .         Harm     .   u - +6 ring of strength
MR       .....                  r - +3 ring of protection
Stlth    ++++......             (no ring)
HPRegen  0.20/turn              (no ring)
MPRegen  0.21/turn              (no ring)
                                (no ring)
                                (no ring)

@: gold aura, very slightly contaminated
A: almost no armour, stealthy swim, amphibious, 8 rings, constrict 8, camouflage
1, gelatinous body 1
a: Potion Petition, Call Merchant, Bribe Branch, Renounce Religion


You were on level 8 of the Dungeon.
You worshipped Gozag.
Gozag was aware of your devotion.
You were not hungry.

You visited 2 branches of the dungeon, and saw 9 of its levels.

You collected 416 gold pieces.
You paid 113 gold pieces to Gozag.

Inventory:

Hand Weapons
 a - a +0 short sword of freezing (weapon)
 h - the cursed +3 spear of Precise Incision {pierce, Dex+5, unknown}
   (You found it on level 7 of the Dungeon)

   It inflicts extra damage upon your enemies.
   It affects your dexterity (+5).
   It has a curse placed upon it.
 v - a +1 falchion of electrocution
 C - a +1 dagger
 J - a +0 shortbow
 K - a +4 spear of flaming
Missiles
 f - 119 sling bullets
 k - 86 bolts
 l - 144 stones
 m - 126 arrows
 o - 38 poisoned darts (quivered)
 s - 2 throwing nets
 z - 5 boomerangs
Armour
 I - a +0 shield
Magical Staves
 E - an uncursed staff of power
Jewellery
 p - a ring of magical power (left tentacle)
 r - a +3 ring of protection (on tentacle)
 u - a +6 ring of strength (right tentacle)
 A - a +6 amulet of reflection (around mantle)
 H - an uncursed ring of wizardry
Wands
 n - a wand of polymorph (11)
 t - a wand of paralysis (1)
 B - a wand of flame (22)
 G - a wand of random effects (15)
Scrolls
 d - 3 scrolls of fear
 e - 3 scrolls of teleportation
 j - a scroll of enchant armour
 q - a scroll of remove curse
 w - 2 scrolls of magic mapping
 x - a scroll of enchant weapon {unknown}
 y - 8 scrolls of fog
 D - a scroll of amnesia
Potions
 b - 5 potions of curing
 g - a potion of cancellation
 i - a potion of flight {unknown}
 F - a potion of might {unknown}
Comestibles
 c - 11 rations


   Skills:
 * Level 3.0 Fighting
 * Level 4.8 Short Blades
 - Level 2.0 Throwing
 * Level 5.3 Dodging
 * Level 7.2 Stealth
 - Level 6.0 Spellcasting
 * Level 2.0 Conjurations
 + Level 6.9 Hexes
 * Level 1.1 Summonings
 - Level 2.0 Ice Magic
 * Level 1.1 Air Magic
 * Level 5.2 Evocations


You had 5 spell levels left.
You knew the following spells:

 Your Spells              Type           Power        Failure   Level  Hunger
a - Corona                Hex            #####..      1%          1    None
b - Ensorcelled Hibernat  Hex/Ice        ####..       2%          2    None
c - Confuse               Hex            #####...     1%          3    ##.....
d - Tukima's Dance        Hex            #####...     1%          3    ##.....
e - Dazzling Spray        Conj/Hex       ####..       4%          3    ##.....
j - Summon Lightning Spi  Summ/Air       ##......     52%         4    ####...

Your spell library contained the following spells:

 Spells                   Type           Power        Failure   Level  Hunger
 Confusing Touch          Hex            #####.       1%          1    None
 Summon Guardian Golem    Hex/Summ       ###.....     5%          3    ##.....
 Summon Small Mammal      Summ           ##..         6%          1    None
 Call Imp                 Summ           ##......     10%         2    None
 Call Canine Familiar     Summ           ##......     19%         3    ##.....
 Gell's Gravitas          Tloc           #.........   28%         3    ##.....
 Metabolic Englaciation   Hex/Ice        ####......   41%         5    #####..
 Summon Ice Beast         Ice/Summ       ##......     45%         4    ####...
 Yara's Violent Unravell  Hex/Tmut       ###.......   54%         5    #####..
 Petrify                  Tmut/Erth      #.......     67%         4    ####...


Dungeon Overview and Level Annotations

Branches:
Dungeon (8/15)             Temple (1/1) D:7
   Lair: D:8-11

Altars:
Ashenzari
Cheibriados
Dithmenos
Elyvilon
Fedhas
Gozag
Hepliaklqana
Kikubaaqudgha
Makhleb
Nemelex Xobeh
Okawaru
Qazlal
Ru
Sif Muna
Trog
Uskayaw
Vehumet
Wu Jian
Xom
Yredelemnul
Zin
The Shining One

Annotations:
D:5 1 runed translucent door
D:8 3 runed translucent doors


Innate Abilities, Weirdness & Mutations

You cannot wear most types of armour.
You are very stealthy in the water. (Stealth+)
You are amphibious.
You can wear up to eight rings at the same time.
You can use your tentacles to constrict eight enemies at once.
Your skin changes colour to match your surroundings (Stealth+).
Your rubbery body absorbs attacks. (AC +1, EV +1)


Message History

Press: ? - help, Shift-Dir - straight line, f - orc
Aim: an orc, wielding a +0 whip and wearing a +0 leather armour (chance to defeat MR: 78%)
Okay, then.
Unknown command.
Casting: Confuse (safe; 1% risk of failure)
Confirm with . or Enter, or press ? or * to list all spells.
Aiming: Dazzling Spray (safe; 4% risk of failure)
Press: ? - help, Shift-Dir - straight line, f - orc
Aim: an orc The spray of energy hits the orc!
You kill the orc!
The spray of energy hits the orc!
You kill the orc!
The spray of energy hits the orc wizard!
The orc wizard is severely wounded.
The orc wizard is dazzled.
The orc wizard casts a spell at you. The puff of frost hits you!
You die...
Your body crumbles into a pile of gold.

..)........H$.#.......#####
.........o....#......##
..............#.....## $
$$$ ....a...oo..$.#.....#
8$ .....c.#......#....)#
$_$ .......#......#≈....#
$..$
.....oo#......#)$...####+++
......c########$$..........
.....o. #...@≈o...#.....#
##.≈.≈≈ #.###≈o≈.########
.♣.≈≈. .≈ #≈..## ## #≈###
###


You could see an orc wizard (blind) and an orc.

Vanquished Creatures
  2 hippogriffs
  Sigmund (D:6)
  Edmund (D:4)
  2 sky beasts
  A black bear (D:6)
  2 orc warriors
  A phantom (D:6)
  2 ogres (D:7)
  2 centaurs (D:7)
  5 bullfrogs
  A gnoll sergeant (D:7)
  A wyvern skeleton (D:7)
  4 scorpions
  A killer bee (D:5)
  4 wights (D:8)
  2 crimson imps
  A jelly (D:8)
  11 orc priests
  2 bullfrog skeletons (D:6)
  2 hounds
  7 orc wizards
  2 iguanas (D:6)
  Ijyb (D:2)
  Terence (D:3)
  12 worker ants
  2 howler monkey zombies (D:6)
  3 gnolls (D:7)
  4 adders
  2 shadow imps
  2 oozes
  2 adder zombies
  A worm (D:3)
  6 dart slugs
  3 leopard geckos
  37 orcs
  A ball python (D:2)
  7 bats
  7 giant cockroaches
  2 gnoll zombies (D:5)
  7 goblins
  3 hobgoblins (D:1)
  3 jackals (D:4)
  7 kobolds
  A quokka (D:4)
  A ball python zombie (D:5)
  3 frilled lizards
  3 rats (D:1)
178 creatures vanquished.

Notes
Turn   | Place    | Note
-------+----------+-------------------------------------------
     0 | D:1      | MordorOrchid the Octopode Enchanter began the quest for the
                  | Orb.
     0 | D:1      | Reached XP level 1. HP: 11/11 MP: 3/3
    79 | D:1      | Reached XP level 2. HP: 11/17 MP: 5/5
    83 | D:1      | Learned a level 2 spell: Ensorcelled Hibernation
    92 | D:1      | Reached skill level 5 in Stealth
   667 | D:1      | Reached XP level 3. HP: 20/21 MP: 4/6
   684 | D:1      | Learned a level 3 spell: Confuse
  1003 | D:2      | Reached skill level 6 in Stealth
  1285 | D:2      | Reached XP level 4. HP: 22/27 MP: 7/7
  1309 | D:2      | Found a hazy altar of Hepliaklqana.
  1353 | D:3      | Noticed Ijyb
  1376 | D:2      | Killed Ijyb
  1555 | D:3      | Noticed Terence
  1684 | D:3      | Reached skill level 1 in Fighting
  1911 | D:3      | Reached XP level 5. HP: 33/33 MP: 8/8
  2052 | D:3      | Killed Terence
  2335 | D:4      | Found a sacrificial altar of Ru.
  2441 | D:4      | Reached skill level 1 in Evocations
  2588 | D:4      | Noticed Edmund
  2705 | D:4      | Killed Edmund
  2705 | D:4      | Reached XP level 6. HP: 28/39 MP: 10/10
  2763 | D:4      | Learned a level 3 spell: Tukima's Dance
  2795 | D:5      | Entered Level 5 of the Dungeon
  2981 | D:4      | Reached XP level 7. HP: 29/45 MP: 2/11
  3151 | D:5      | Found a runed translucent door.
  3152 | D:5      | Found a runed translucent door.
  3250 | D:5      | Reached skill level 1 in Ice Magic
  3374 | D:5      | Found a basalt altar of Yredelemnul.
  3749 | D:5      | Found a glowing golden altar of the Shining One.
  3928 | D:5      | Reached XP level 8. HP: 47/50 MP: 13/13
  4010 | D:5      | Learned a level 3 spell: Dazzling Spray
  4101 | D:6      | Found an iron altar of Okawaru.
  4262 | D:6      | Reached skill level 5 in Hexes
  4575 | D:6      | Reached skill level 5 in Spellcasting
  4626 | D:6      | Reached XP level 9. HP: 53/54 MP: 12/16
  4801 | D:6      | Noticed Sigmund
  4808 | D:6      | Killed Sigmund
  5068 | D:7      | Got a scorched spear
  5202 | D:7      | Reached skill level 1 in Conjurations
  5253 | D:7      | Reached skill level 1 in Throwing
  5253 | D:7      | Reached skill level 5 in Dodging
  5430 | D:7      | Learned a level 4 spell: Summon Lightning Spire
  5513 | D:7      | Reached skill level 5 in Evocations
  5617 | D:7      | Found a staircase to the Ecumenical Temple.
  5627 | Temple   | Entered the Ecumenical Temple
  5733 | Temple   | Became a worshipper of Gozag Ym Sagoz the Greedy
  5829 | D:7      | Found a sacrificial altar of Ru.
  5937 | D:8      | Found a runed translucent gate.
  5937 | D:8      | Found a runed translucent gate.
  5937 | D:8      | Found a runed translucent gate.
  5938 | D:8      | Found an opulent altar of Gozag.
  5953 | D:8      | Reached XP level 10. HP: 62/62 MP: 19/19
  6001 | D:8      | Reached skill level 7 in Stealth
  6058 | D:8      | Reached skill level 1 in Summonings
  6058 | D:8      | Reached skill level 1 in Air Magic
  6070 | D:8      | Killed from afar by an orc wizard

Levels and vault maps discovered:
D:1:      enne_arrival_octagon_isle, layout_loops_corners
D:2:      layout_rooms, lemuel_round_altar
D:3:      layout_basic, minmay_misc_feat_alley, uniq_ijyb, uniq_terence
D:4:      layout_gridville, kennysheep_little_box, uniq_edmund
D:5:      lemuel_insect_pit, layout_rooms, lemuel_zombie_altar_yredelemnul,
          nicolae_tso_swordbearing_angel, first_ration
D:6:      layout_loops_cross, st_stairs_9, okawaru_trees_2, uniq_sigmund
D:7:      layout_basic, minmay_temple_entry_antechambers,
          nicolae_ru_the_path_less_chosen
D:8:      layout_rooms, david_lair_shrubbed, ebering_ghost_gozag, serial_rivers,
          chequers_serial_rivers_small_b, chequers_serial_rivers_large_a,
          chequers_serial_rivers_marsh, chequers_serial_rivers_micro_e,
          hangedman_pestilent_swarm
Temple:   hc_temple_tempest_star

Skill      XL: |  1  2  3  4  5  6  7  8  9 10 |
---------------+-------------------------------+-----
Stealth        | 5 6 7 |  7.2
Fighting       | 1 2 3 |  3.0
Short Blades   | 2 3 4 |  4.8
Evocations     | 1 2 4 5 |  5.2
Spellcasting   | 3 5 6 |  6.0
Dodging        | 3 4 5 |  5.3
Hexes          | 4 5 6 |  6.9
Ice Magic      | 1 2 |  2.0
Conjurations   | 1 2 |  2.0
Throwing       | 1 2 |  2.0
Summonings     | 1 |  1.1
Air Magic      | 1 |  1.1

Action                   |  1- 3 |  4- 6 |  7- 9 | 10-12 || total
-------------------------+-------+-------+-------+-------++-------
Melee: Dagger            |    68 |    76 |    42 |       ||   186
       Constrict         |    14 |    12 |    42 |     2 ||    70
       Tentacles         |     5 |     7 |    49 |     2 ||    63
       Short sword       |       |       |   198 |    20 ||   218
Throw: Dart              |       |    13 |    10 |       ||    23
 Cast: Corona            |    22 |    10 |    14 |       ||    46
       Ensorcelled Hiber |       |    20 |    68 |     2 ||    90
       Confuse           |       |    11 |    71 |     4 ||    86
       Dazzling Spray    |       |       |     3 |     1 ||     4
Evoke: Wand              |       |       |     9 |       ||     9
  Use: Scroll            |       |     1 |    12 |       ||    13
       Potion            |       |       |     6 |       ||     6
 Stab: Sleeping          |    14 |    17 |    43 |     1 ||    75
       Confused          |       |     7 |    26 |     4 ||    37
       Paralysed         |       |       |     2 |       ||     2
  Eat: Chunk             |     1 |     8 |    16 |       ||    25
       Ration            |       |       |     1 |       ||     1
Armor: Skin              |     1 |    10 |    22 |     1 ||    34
Dodge: Dodged            |    30 |    51 |   144 |    14 ||   239
Block: Other             |       |       |    37 |     6 ||    43
       Reflection        |       |       |     3 |     1 ||     4

Table legend:
 A = Non-vault XP
 B = Vault XP
 C = Vault XP percentage of total XP
 D = Non-vault monster count
 E = Vault monster count
 F = Vault count percentage of total count
                 A         B        C        D         E       F
            +---------+---------+-------+---------+---------+-------
      Total |    4311 |     910 |  17.4 |     157 |      21 |  11.8
            +---------+---------+-------+---------+---------+-------
        D:1 |      55 |       0 |   0.0 |      23 |       0 |   0.0
        D:2 |      33 |      38 |  53.5 |      12 |       1 |   7.7
        D:3 |      96 |      32 |  25.0 |      16 |       1 |   5.9
        D:4 |      98 |     164 |  62.6 |      13 |       1 |   7.1
        D:5 |     615 |     411 |  40.1 |      23 |      16 |  41.0
        D:6 |    1155 |     265 |  18.7 |      38 |       2 |   5.0
        D:7 |    1537 |       0 |   0.0 |      22 |       0 |   0.0
        D:8 |     722 |       0 |   0.0 |      10 |       0 |   0.0
            +---------+---------+-------+---------+---------+-------
